 Dungeon Crawl Stone Soup version 0.31-a0-263-ge8cad7f256 (webtiles) character file.

Game seed: 8883060385604822270

395 qw the Shooter (level 6, -14/53 HPs)
             Began as a Minotaur Hexslinger on July 13, 2023.
             Was an Initiate of Okawaru.
             Demolished by an ogre
             ... wielding a +0 giant spiked club
              (23 damage)
             ... on level 5 of the Dungeon.
             The game lasted 00:01:47 (4271 turns).

qw the Shooter (Minotaur Hexslinger)                Turns: 4271, Time: 00:01:48

Health: -14/53     AC:  9    Str: 13    XL:     6   Next: 52%
Magic:  6/6        EV: 11    Int: 10    God:    Okawaru [......]
Gold:   140        SH:  0    Dex: 14    Spells: 6/7 levels left

rFire   . . .        Y - +1 sling
rCold   + . .        (no shield)
rNeg    . . .        k - +0 ring mail
rPois   +            (helmet restricted)
rElec   .            a - +1 cloak "Uril" {rPois}
rCorr   .            (no gloves)
SInv    .            n - +1 pair of boots
Will    .....        (no amulet)
Stlth   +            f - ring of protection from cold
HPRegen 0.28/turn    (no ring)
MPRegen 0.10/turn

%: no passive effects
@: about to teleport
A: horns 2, retaliatory headbutt
a: Renounce Religion


You were on level 5 of the Dungeon.
You worshipped Okawaru.
Okawaru was noncommittal.
You visited 2 branches of the dungeon, and saw 6 of its levels.

You collected 140 gold pieces.


Innate Abilities, Weirdness & Mutations

You have a pair of horns on your head.
You reflexively headbutt those who attack you in melee.


   Skills:
 - Level 4.3 Fighting
 + Level 6.5 Ranged Weapons
 - Level 1.0 Armour
 - Level 2.1 Dodging
 - Level 1.0 Spellcasting
 - Level 2.0 Hexes


You had 6 spell levels left.
You knew the following spells:

 Your Spells              Type           Power      Damage    Failure   Level
a - Slow                  Hex            16%        N/A       32%         1

Your spell library contained the following spells:

 Spells                   Type           Power      Damage    Failure   Level
 Inner Flame              Hex/Fire       2%         N/A       82%         3
 Portal Projectile        Hex/Tloc       4%         N/A       82%         3
 Cause Fear               Hex            2%         N/A       97%         4

Inventory:

Hand Weapons
 Y - a +1 sling (weapon)
Armour
 a - the +1 cloak "Uril" (worn) {rPois}
   (You acquired it on level 1 of the Dungeon)

   rPois:     It protects you from poison.
 k - a +0 ring mail (worn)
 n - a +1 pair of boots (worn)
Jewellery
 f - a ring of protection from cold (left hand)
Scrolls
 e - a scroll of enchant weapon {unknown}
 g - a scroll of teleportation
 i - 2 scrolls of identify
Potions
 b - a potion of brilliance {unknown}
 c - a potion of enlightenment {unknown}
 d - a potion of berserk rage {unknown}
 h - 6 potions of curing
 j - 2 potions of haste {unknown}
 p - a potion of might

Dungeon Overview and Level Annotations

Branches:
Dungeon (5/15)             Temple (1/1) D:4

Altars:
Ashenzari
Dithmenos
Elyvilon
Gozag
Hepliaklqana
Kikubaaqudgha
Makhleb
Nemelex Xobeh
Okawaru
Ru
Trog
Uskayaw
Wu Jian
Xom
Yredelemnul
Zin
The Shining One

Annotations:
D:3 2 transporters, qw's ghost, weakling MiHs


Message History

Enter note:
Enter note:
Enter note: You shoot a sling bullet.
The sling bullet barely misses the ogre.
You shoot a sling bullet.
The sling bullet barely misses the ogre.
You shoot a sling bullet.
The sling bullet barely misses the ogre.
You shoot a sling bullet. The sling bullet hits the ogre.
The ogre is lightly wounded.
You shoot a sling bullet.
The sling bullet barely misses the ogre.
The ogre closely misses you.
You shoot a sling bullet.
The sling bullet hits the ogre but does no damage.
The ogre is lightly wounded.
The ogre barely misses you.
You shoot a sling bullet. The sling bullet hits the ogre.
The ogre is moderately wounded.
You shoot a sling bullet.
The sling bullet barely misses the ogre.
The ogre hits you with a +0 giant spiked club!!
Ouch! That really hurt!
You shoot a sling bullet. The sling bullet hits the ogre.
The ogre is severely wounded.
The ogre barely misses you. You furiously retaliate!
You headbutt the ogre. You shoot a sling bullet.
The sling bullet barely misses the ogre.
The ogre hits you with a +0 giant spiked club!
4269 ||| READING 2 scrolls of teleportation.
As you read the scroll of teleportation, it crumbles to dust.
You feel strangely unstable. The ogre barely misses you.
You shoot a sling bullet. The sling bullet hits the ogre.
The ogre is almost dead.
You shoot a sling bullet. The sling bullet hits the ogre.
The ogre is almost dead.
The ogre hits you with a +0 giant spiked club!!
You die...

#........#......#...#
#........#......#....
#.>......#......#.... ##
#####'####......#....
...##......##......#...#
...........##.....##...8
...........##.....##...#
............#...........
......O@....#...........
...#........#...........
###.########.....##)).#
##......##.....##...#
#.......##>....##....
#.......##.....##....
#...............#....
##......##...(.##...#
#########.....##...#


You could see an ogre.

Vanquished Creatures
  A gnoll bouda (D:4)
  2 orc priests
  Jessica (D:2)
  An iguana (D:4)
  4 gnolls
  9 adders
  A river rat (D:3)
  A white imp (D:5)
  A worm (D:3)
  5 dart slugs
  11 orcs
  12 ball pythons
  14 endoplasms
  A giant cockroach (D:3)
  A goblin (D:1)
  7 hobgoblins
  6 jackals
  2 quokkas
  7 bats
  5 frilled lizards (D:1)
  7 kobolds
  8 rats
107 creatures vanquished.

Notes
Turn   | Place    | Note
-------+----------+-------------------------------------------
     0 | D:1      | qw the Minotaur Hexslinger began the quest for the Orb.
     0 | D:1      | Reached XP level 1. HP: 16/16 MP: 1/1
     0 | D:1      | 0 ||| qw: Version: 0.3-a-52-g30416fa
     0 | D:1      | 0 ||| qw: Game counter: 7115
     0 | D:1      | 0 ||| qw: Melee chars always use a shield: true
     0 | D:1      | 0 ||| qw: God list: Okawaru
     0 | D:1      | 0 ||| qw: Allow faded altars: false
     0 | D:1      | 0 ||| qw: Do Orc after clearing Dungeon:15 true
     0 | D:1      | 0 ||| qw: Do second Lair branch before Depths: true
     0 | D:1      | 0 ||| qw: Lair rune preference: random
     0 | D:1      | 0 ||| qw: Goals: Normal
     0 | D:1      | 0 ||| PLANNING D:1-11
   119 | D:1      | Reached skill level 3 in Ranged Weapons
   119 | D:1      | Reached XP level 2. HP: 23/23 MP: 2/2
   157 | D:1      | Found a faded altar of an unknown god.
   413 | D:1      | Reached XP level 3. HP: 29/29 MP: 3/3
   846 | D:1      | 846 ||| UPGRADING to +0 leather armour.
   856 | D:1      | 856 ||| DROPPING +0 robe.
   857 | D:1      | 857 ||| READING scroll labelled OBOZIM SEUT.
   858 | D:1      | 858 ||| READING scroll labelled NAPULITOSUD.
   858 | D:1      | Identified a scroll of acquirement
   858 | D:1      | 858 ||| ACQUIRING +1 cloak "Uril" {rPois}
   858 | D:1      | Acquired the +1 cloak "Uril" {rPois}
   860 | D:1      | 860 ||| UPGRADING to +1 cloak "Uril" {rPois}.
   865 | D:1      | 865 ||| READING scroll labelled ZUMOLY UTUFF.
   869 | D:1      | 869 ||| READING scroll labelled LYIDIGUWNO.
   870 | D:1      | 870 ||| DRINKING 2 murky white potions.
   871 | D:1      | 871 ||| DRINKING 2 clear potions.
   872 | D:1      | 872 ||| DROPPING scroll of poison.
   873 | D:1      | 873 ||| DROPPING potion of degeneration.
   911 | D:2      | Reached skill level 4 in Ranged Weapons
  1107 | D:2      | Reached XP level 4. HP: 36/36 MP: 4/4
  1141 | D:2      | Noticed Jessica
  1144 | D:2      | Killed Jessica
  1145 | D:2      | Reached skill level 5 in Ranged Weapons
  1727 | D:2      | 1727 ||| READING scroll labelled WUMIMU QA IWI.
  1728 | D:2      | 1728 ||| READING scroll labelled NYOSCH SURUHIOT NUPH.
  1729 | D:2      | 1729 ||| READING scroll labelled DES ONUEGATHRAILI.
  1730 | D:2      | 1730 ||| DRINKING 2 bubbling clear potions.
  1731 | D:2      | 1731 ||| DROPPING potion of invisibility.
  1767 | D:3      | 1767 ||| PLANNING SEWER
  1824 | D:3      | 1824 ||| Stepping ~*~*~tactically~*~*~ (outnumbered).
  1850 | D:3      | Found a bloodstained altar of Trog.
  1857 | D:3      | Reached skill level 3 in Fighting
  1865 | D:3      | Found an ancient bone altar of Kikubaaqudgha.
  1869 | D:3      | Found a burning altar of Makhleb.
  1944 | D:3      | Reached XP level 5. HP: 39/45 MP: 5/5
  1979 | D:3      | Found a glowing silver altar of Zin.
  1985 | D:3      | Found a transporter.
  2206 | D:3      | Found a transporter.
  2206 | D:3      | Noticed qw's ghost (weakling MiHs)
  2458 | D:3      | 2458 ||| RIP SEWER
  2459 | D:3      | 2459 ||| PLANNING D:1-11
  2497 | D:3      | 2497 ||| Stepping ~*~*~tactically~*~*~ (water).
  2559 | D:3      | 2559 ||| UPGRADING to +0 ring mail.
  2569 | D:3      | 2569 ||| DROPPING +0 leather armour.
  2570 | D:3      | 2570 ||| DROPPING ring of wizardry.
  2571 | D:3      | 2571 ||| UPGRADING to ring of protection from cold.
  2618 | D:4      | Reached skill level 1 in Armour
  2618 | D:4      | Found a staircase to the Ecumenical Temple.
  2619 | D:4      | 2619 ||| PLANNING TEMPLE
  2645 | Temple   | Entered the Ecumenical Temple
  2769 | Temple   | 2769 ||| PLANNING OKAWARU WORSHIP
  2951 | Temple   | Became a worshipper of Warmaster Okawaru
  2952 | Temple   | 2952 ||| PLANNING D:1-11
  3195 | D:4      | Reached skill level 6 in Ranged Weapons
  3308 | D:4      | 3308 ||| UPGRADING to +0 pair of boots.
  3313 | D:4      | 3313 ||| READING scroll of enchant armour.
  3313 | D:4      | 3313 ||| ENCHANTING +0 pair of boots.
  3314 | D:4      | 3314 ||| READING scroll labelled KUPE KYINOCEE.
  3315 | D:4      | 3315 ||| READING scroll labelled KANIOSUITU.
  3316 | D:4      | 3316 ||| READING scroll labelled SUOSEMPUSO.
  3317 | D:4      | 3317 ||| DRINKING 2 amethyst potions.
  3318 | D:4      | 3318 ||| DRINKING 2 cyan potions.
  3334 | D:5      | Entered Level 5 of the Dungeon
  3335 | D:5      | 3335 ||| PLANNING OSSUARY
  3340 | D:5      | 3340 ||| Stepping ~*~*~tactically~*~*~ (outnumbered).
  3341 | D:5      | 3341 ||| Stepping ~*~*~tactically~*~*~ (outnumbered).
  3342 | D:5      | 3342 ||| Stepping ~*~*~tactically~*~*~ (outnumbered).
  3348 | D:5      | 3348 ||| STAIRDANCE
  3362 | D:5      | 3362 ||| STAIRDANCE
  3369 | D:4      | HP: 10/45 [gnoll bouda/+0 club (7)]
  3370 | D:4      | 3370 ||| READING 2 scrolls of teleportation.
  3371 | D:4      | 3371 ||| DRINKING potion of heal wounds.
  3440 | D:4      | Reached XP level 6. HP: 39/52 MP: 6/6
  3505 | D:5      | 3505 ||| STAIRDANCE
  3630 | D:5      | 3630 ||| STAIRDANCE
  3763 | D:5      | Identified the +4 chain mail of Vlad {rC+ Will+ Int-4
                  | Dex+5}
  3936 | D:5      | 3936 ||| RIP OSSUARY
  3937 | D:5      | 3937 ||| PLANNING D:1-11
  4014 | D:5      | Found a sacrificial altar of Ru.
  4268 | D:5      | HP: 8/53 [ogre/+0 giant spiked club (16)]
  4269 | D:5      | 4269 ||| READING 2 scrolls of teleportation.
  4271 | D:5      | Demolished by an ogre

Levels and vault maps discovered:
D:1:      saegor_arrival_simple_c, layout_basic,
          hellmonk_ecumenical_altar_slurped_away, minmay_tetromino_s2
D:2:      layout_basic, uniq_jessica
D:3:      layout_basic, zin_statuary, minitemple, gammafunk_ghost_mausoleum,
          portal_sewer_entry_e
D:4:      layout_rooms, minmay_temple_entry_slanted
D:5:      layout_gridville, old_standard_altar,
          lightli_ossuary_entry_decrepit_ruins
Temple:   hc_temple_tempest_star

Skill      XL: |  1  2  3  4  5  6 |
---------------+-------------------+-----
Ranged Weapons | 3 4 5 6 |  6.5
Fighting       | 2 3 4 |  4.3
Armour         | 1 |  1.0
Dodging        | |  2.1
Spellcasting   | |  1.0
Hexes          | |  2.0

Action                     |  1- 3 |  4- 6 || total
---------------------------+-------+-------++-------
   Fire: Sling             |   110 |   266 ||   376
    Use: Scroll            |     4 |     9 ||    13
         Potion            |     2 |     4 ||     6
 Armour: Robe              |     7 |       ||     7
         Leather armour    |     7 |    13 ||    20
         Ring mail         |       |    26 ||    26
  Dodge: Dodged            |    37 |   124 ||   161

Table legend:
 A = Non-vault XP
 B = Vault XP
 C = Vault XP percentage of total XP
 D = Non-vault monster count
 E = Vault monster count
 F = Vault count percentage of total count
                 A         B        C        D         E       F
            +---------+---------+-------+---------+---------+-------
      Total |     499 |      66 |  11.7 |      95 |      12 |  11.2
            +---------+---------+-------+---------+---------+-------
        D:1 |      41 |       6 |  12.8 |      28 |       3 |   9.7
        D:2 |      85 |      37 |  30.3 |      15 |       1 |   6.2
        D:3 |      97 |      23 |  19.2 |      22 |       8 |  26.7
        D:4 |     181 |       0 |   0.0 |      22 |       0 |   0.0
        D:5 |      95 |       0 |   0.0 |       8 |       0 |   0.0
            +---------+---------+-------+---------+---------+-------
